 Dungeon Crawl Stone Soup version 0.24.0-13-gcf9b3192b9 (webtiles) character file.

Game seed: 3994251221962646115, levelgen mode: deterministic

493 Matador8 the Skirmisher (level 7, 0/69 HPs)
             Began as a Naga Wanderer on Nov 9, 2019.
             Was a Priest of Cheibriados.
             Slain by an ice beast (14 damage)
             ... on level 5 of the Dungeon.
             The game lasted 00:22:00 (3857 turns).

Matador8 the Skirmisher (Naga Wanderer)             Turns: 3857, Time: 00:22:01

Health: 0/69       AC:  3    Str: 20    XL:     7   Next: 15%
Magic:  6/9        EV:  9    Int: 21    God:    Cheibriados [***...]
Gold:   181        SH:  0    Dex: 22    Spells: 7/8 levels left

rFire    . . .     SeeInvis +   a - +2 shortbow
rCold    . . .     Gourm    .   (shield currently unavailable)
rNeg     . . .     Faith    .   r - +0 leather armour
rPois    +         Spirit   .   (no helmet)
rElec    .         Reflect  .   (no cloak)
rCorr    .         Harm     .   (no gloves)
MR       .....                  (no barding)
Stlth    +++.......             (no amulet)
HPRegen  0.21/turn              (no ring)
MPRegen  0.11/turn              (no ring)

@: very slow
A: large, see invisible, deformed body, poison resistance, slowness 2, slow
metabolism 1, spit poison 1, AC +2
a: Spit Poison, Bend Time, Temporal Distortion, Renounce Religion


You were on level 5 of the Dungeon.
You worshipped Cheibriados.
Cheibriados was most pleased with you.
You were near starving.

You visited 1 branch of the dungeon, and saw 5 of its levels.

You collected 181 gold pieces.

Inventory:

Hand Weapons
 a - a +2 shortbow (weapon)
 b - a +0 whip of venom
 e - a +0 dagger
Missiles
 g - 4 silver boomerangs
 q - 31 arrows (quivered)
Armour
 c - a +0 ring mail
 r - a +0 leather armour (worn)
Jewellery
 k - an uncursed ring of magical power {unknown}
 m - an uncursed amulet of the acrobat {unknown}
 o - an uncursed ring of fire {unknown}
 w - an uncursed ring of stealth {unknown}
Wands
 v - a wand of acid (8)
Scrolls
 d - 3 scrolls of teleportation
 h - a scroll of noise {unknown}
 i - 2 scrolls of identify {unknown}
 j - 4 scrolls of remove curse {unknown}
 n - a scroll of enchant weapon {unknown}
 u - 3 scrolls of fear {unknown}
Potions
 l - a potion of agility {unknown}
 p - 5 potions of curing {unknown}
 s - a potion of heal wounds {unknown}
 t - 2 potions of degeneration {unknown}
Comestibles
 f - 6 rations


   Skills:
 - Level 6.0 Fighting
 - Level 3.0 Bows
 - Level 2.0 Throwing
 - Level 1.0 Armour
 - Level 5.6 Stealth
   Level 1.0 Shields
 + Level 1.4 Spellcasting
 + Level 2.3 Necromancy
 + Level 3.2 Invocations
 - Level 1.0 Evocations


You had 7 spell levels left.
You knew the following spells:

 Your Spells              Type           Power        Failure   Level  Hunger
a - Animate Skeleton      Necr           N/A          7%          1    ##.....

Your spell library contained the following spells:

 Spells                   Type           Power        Failure   Level  Hunger
 Apportation              Tloc           #.....       19%         1    ##.....
 Confusing Touch          Hex            #.....       19%         1    ##.....
 Summon Small Mammal      Summ           #...         19%         1    ##.....


Dungeon Overview and Level Annotations

Branches:
Dungeon (5/15)
 Temple: D:4-7

Altars:
Cheibriados
Elyvilon
Fedhas
Nemelex Xobeh
Okawaru
Qazlal
Vehumet
Wu Jian
Yredelemnul

Shops:
D:5 [

Annotations:
D:2 Natasha
D:5 1 transporter


Innate Abilities, Weirdness & Mutations

You cannot wear boots.
Your serpentine skin is tough. (AC +2)
You have supernaturally acute eyesight. (SInv)
Armour fits poorly on your strangely shaped body.
Your system is resistant to poisons. (rPois)
You cover ground very slowly.
You have a slow metabolism.
You can spit poison.


Message History

Press: ? - help, Shift-Dir - straight line, f/p - ice beast
Aim: an ice beast (heavily wounded, slow)
You shoot an arrow. The arrow hits the ice beast!
The ice beast is severely wounded.
Firing (i - inventory. (/) - cycle)
q - 33 arrows (quivered)
Press: ? - help, Shift-Dir - straight line, f/p - ice beast
Aim: an ice beast (severely wounded, slow)
You shoot an arrow. The arrow hits the ice beast.
The ice beast is almost dead.
The ice beast hits you. The ice beast freezes you.
* * * LOW HITPOINT WARNING * * *
Firing (i - inventory. (/) - cycle)
q - 32 arrows (quivered)
Press: ? - help, Shift-Dir - straight line, f/p - ice beast
Aim: an ice beast (almost dead, slow)
You shoot an arrow. The arrow hits the ice beast.
The ice beast is almost dead.
The ice beast hits you.
* * * LOW HITPOINT WARNING * * *
The ice beast freezes you!
You die...

##.....## #.# ##...#..........
#.......###.####...###......###
...............................
.........##.#####......##..#...
........<##.###......###...####
.........##.#.....##.##..#.#
..............#.............
............##.....#.........
............<.@.....##........
...............Y.....##.. (..#
.............>..(.....#
..%....................
#.................(..##
#...................#
###...?...........(#
##..........$...##
##.....##.....


You could see an ice beast.

Vanquished Creatures
  A phantom (D:4)
  An ogre (D:4)
  A howler monkey (D:4)
  An orc priest (D:4)
  Natasha (D:2)
  An iguana (D:4)
  8 adders
  An ooze (D:1)
  4 dart slugs
  3 worms
  3 leopard geckos
  11 orcs (D:4)
  2 ball pythons (D:2)
  7 giant cockroaches
  15 goblins
  6 hobgoblins
  4 jackals (D:1)
  2 quokkas (D:3)
  2 bats
  3 frilled lizards
  11 kobolds
  A leopard gecko skeleton (D:4)
  A leopard gecko zombie (D:5)
  7 rats
  A plant (D:2)
98 creatures vanquished.

Notes
Turn   | Place    | Note
-------+----------+-------------------------------------------
     0 | D:1      | Matador8 the Naga Wanderer began the quest for the Orb.
     0 | D:1      | Matador8 set off with the following items: a +2 shortbow,
                  | 23 arrows, a +0 ring mail, a scroll of teleportation, a
                  | ration
     0 | D:1      | Reached XP level 1. HP: 26/26 MP: 1/1
    16 | D:1      | Reached skill level 1 in Stealth
    32 | D:1      | Found a snail-covered altar of Cheibriados.
    59 | D:1      | Became a worshipper of Cheibriados the Contemplative
   108 | D:1      | Reached XP level 2. HP: 32/33 MP: 2/2
   321 | D:1      | Reached XP level 3. HP: 40/40 MP: 3/3
   483 | D:1      | Reached * piety under Cheibriados
   828 | D:2      | Found a sparkling altar of Nemelex Xobeh.
   885 | D:2      | Reached XP level 4. HP: 48/48 MP: 4/4
  1188 | D:2      | Found a radiant altar of Vehumet.
  1214 | D:2      | Reached ** piety under Cheibriados
  1215 | D:2      | Found a blossoming altar of Fedhas.
  1221 | D:2      | Noticed Natasha
  1238 | D:2      | Killed Natasha
  1238 | D:2      | Reached XP level 5. HP: 47/55 MP: 5/5
  1327 | D:2      | Reached skill level 5 in Stealth
  1348 | D:2      | Noticed Natasha
  2071 | D:3      | Found an ornate altar of the Wu Jian Council.
  2202 | D:3      | Found a stormy altar of Qazlal.
  2269 | D:4      | Reached skill level 1 in Invocations
  2380 | D:4      | Reached skill level 1 in Throwing
  2397 | D:4      | Found a white marble altar of Elyvilon.
  2435 | D:4      | Reached *** piety under Cheibriados
  2572 | D:4      | Learned a level 1 spell: Animate Skeleton
  2595 | D:4      | Found a sand-covered staircase.
  2690 | D:4      | Found an iron altar of Okawaru.
  2733 | D:4      | Noticed a phantom
  2766 | D:4      | Killed a phantom
  2766 | D:4      | Reached skill level 1 in Necromancy
  2766 | D:4      | Reached XP level 6. HP: 62/62 MP: 7/7
  3364 | D:4      | Reached skill level 1 in Spellcasting
  3364 | D:4      | Reached XP level 7. HP: 20/69 MP: 5/9
  3648 | D:5      | Entered Level 5 of the Dungeon
  3666 | D:5      | Found Gitzeh's Antique Armour Shoppe.
  3756 | D:5      | Found a transporter.
  3783 | D:5      | Found a basalt altar of Yredelemnul.
  3857 | D:5      | Slain by an ice beast

Levels and vault maps discovered:
D:1:      dpeg_arrival_simpleton_b, layout_basic, cheibriados_altar_1
D:2:      layout_loops_ring, nicolae_overflow_hidden_temple,
          overflow_temple_1_default, fedhas_ov_isle_minmay, minmay_pentomino_v2,
          uniq_natasha
D:3:      layout_loops_ring, overflow_temple_1_default,
          lemuel_coloured_pillars_altar
D:4:      layout_gridville, elyvilon_altar_4, kennysheep_okawaru_gauntlet,
          nicolae_ossuary_entry_false_entrances
D:5:      gammafunk_wand_slinger, layout_rooms, yredelemnul_altar_generic,
          kennysheep_little_box, serial_shops, shop_statue, first_ration

Skill      XL: |  1  2  3  4  5  6 |
---------------+-------------------+-----
Stealth        | 1 2 3 4 5 |  5.6
Bows           | 2 3 |  3.0
Invocations    | 2 3 |  3.2
Throwing       | 1 2 |  2.0
Necromancy     | 1 2 |  2.3
Spellcasting   | 1 |  1.4
Fighting       | |  6.0
Armour         | |  1.0
Shields        | |  1.0
Evocations     | |  1.0

Action                   |  1- 3 |  4- 6 |  7- 9 || total
-------------------------+-------+-------+-------++-------
Melee: Whip              |       |   100 |       ||   100
 Fire: Shortbow          |    85 |   109 |    21 ||   215
Throw: Boomerang         |       |     5 |       ||     5
 Cast: Animate Skeleton  |       |       |     1 ||     1
Invok: Bend Time         |       |     2 |     1 ||     3
 Abil: Spit Poison       |     1 |    26 |     1 ||    28
 Stab: Sleeping          |       |     1 |       ||     1
  Eat: Chunk             |       |     5 |       ||     5
Armor: Ring mail         |     8 |    31 |       ||    39
       Leather armour    |       |       |     3 ||     3
Dodge: Dodged            |    16 |    41 |     3 ||    60
